 Dungeon Crawl Stone Soup version 0.27-a0-1438-g9b7c6745da (webtiles) character file.

Game seed: 10586531713233262591

107983 Gargoyl the Corrupter of Planes (level 16, -10/127 (141) HPs)
             Began as a Gnoll Abyssal Knight on July 4, 2021.
             Was the Champion of Lugonu.
             Mangled by a red devil (12 damage)
             ... summoned by an orc sorcerer
             ... while paralysed by an orc sorcerer
             ... on level 2 of the Orcish Mines.
             The game lasted 00:44:05 (29703 turns).

Gargoyl the Corrupter of Planes (GnAK)             Turns: 29703, Time: 00:44:05

HP:   -10/127 (141) AC: 26    Str: 16    XL:     16   Next: 48%
MP:   30/30         EV:  2    Int: 17    God:    Lugonu [******]
Gold: 447           SH:  0    Dex: 19    Spells: 36/36 levels left

rFire    . . .     SeeInvis +   r - +8 scimitar of Quick Death {freeze, Int+4}
rCold    . . .     Faith    .   l - +0 buckler
rNeg     . . .     Spirit   .   G - +1 swamp dragon scales
rPois    +         Reflect  +   p - +1 helmet
rElec    .         Harm     .   m - +2 cloak
rCorr    .         Rampage  .   N - +2 pair of gloves
Will     +....                  x - +0 pair of boots
Stlth    ++++......             V - amulet of reflection
HPRegen  0.31/turn              c - ring "Wyarph" {rPois AC+4 Dex+4 Slay+3 SInv}
MPRegen  0.22/turn              B - +4 ring of slaying

@: paralysed, drained
A: fangs 1, strong nose, distributed training, hooves 1, agile 1, robust 1
a: Renounce Religion, Depart the Abyss, Bend Space, Banish, Corrupt, Enter the
Abyss, Brand Weapon With Distortion


You were on level 2 of the Orcish Mines.
You worshipped Lugonu.
Lugonu was exalted by your worship.
You visited 3 branches of the dungeon, and saw 23 of its levels.
You visited the Abyss 2 times.
You also visited: Ossuary.

You collected 2304 gold pieces.
You spent 1857 gold pieces at shops.

Inventory:

Hand Weapons
 a - a +3 hand axe
 q - a +3 hand axe
 r - the +8 scimitar of Quick Death (weapon) {freeze, Int+4}
   (You bought it in a shop on level 3 of the Dungeon)

   It has been specially enchanted to freeze those struck by it, causing extra
   injury to most foes and up to half again as much damage against particularly
   susceptible opponents.
   It can also slow down cold-blooded creatures.
   Int:       It affects your intelligence (+4).
 R - a +5 scimitar of flaming
 W - the +5 whip of Esselo {holy, Dex+4}
   (You found it on level 13 of the Dungeon)

   It has been blessed by the Shining One to cause great damage to the undead
   and demons.
   Dex:       It affects your dexterity (+4).
Missiles
 b - 3 throwing nets
 t - 8 curare-tipped darts
 y - 26 poisoned darts (quivered)
 L - 5 atropa-tipped darts
 S - 4 boomerangs of dispersal
Armour
 l - a +0 buckler (worn)
 m - a +2 cloak (worn)
 p - a +1 helmet (worn)
 x - a +0 pair of boots (worn)
 G - +1 swamp dragon scales (worn)
 N - a +2 pair of gloves (worn)
Jewellery
 c - the ring "Wyarph" (left hand) {rPois AC+4 Dex+4 Slay+3 SInv}
   (You acquired it on level 1 of the Abyss)

   [ring of protection]

   AC:        It affects your AC (+4).
   Dex:       It affects your dexterity (+4).
   Slay:      It affects your accuracy & damage with ranged weapons and melee
   (+3).
   rPois:     It protects you from poison.
   SInv:      It lets you see invisible.
 f - a ring of resist corrosion
 B - a +4 ring of slaying (right hand)
 F - a ring of willpower
 T - the amulet "Ciaghuxtuy" {Reflect -Tele Fly Str+4 SH+5}
   (You bought it in a shop on level 1 of the Orcish Mines)

   [amulet of reflection]

   It reflects blocked missile attacks.
   Str:       It affects your strength (+4).
   Fly:       It grants you flight.
   -Tele:     It prevents most forms of teleportation.
   SH:        It affects your SH (+5).
 V - an amulet of reflection (around neck)
 X - the ring "Motsav" {+Blink rF+++ Int+2 SInv}
   (You bought it in a shop on level 1 of the Orcish Mines)

   [ring of see invisible]

   Int:       It affects your intelligence (+2).
   rF:        It renders you almost immune to fire.
   SInv:      It lets you see invisible.
   +Blink:    It lets you blink.
Wands
 g - a wand of acid (13)
 s - a wand of flame (95)
 A - a wand of iceblast (45)
 E - a wand of polymorph (10)
 K - a wand of mindburst (10)
 Q - a wand of digging (4)
Scrolls
 d - 4 scrolls of magic mapping
 i - 2 scrolls of blinking
 n - 3 scrolls of fog
 o - 6 scrolls of teleportation
 w - 3 scrolls of fear
 I - a scroll of amnesia
 M - 10 scrolls of identify
 U - a scroll of enchant armour
Potions
 e - 4 potions of brilliance
 h - 6 potions of haste
 j - 2 potions of might
 k - 9 potions of curing
 v - 3 potions of flight
 z - 5 potions of ambrosia
 C - 5 potions of lignification
 D - 5 potions of heal wounds
 H - 2 potions of invisibility
 J - 2 potions of cancellation
 P - 2 potions of mutation
Miscellaneous
 u - a lightning rod (4/4)


   Skills:
 + Level 12.4 Fighting
 + Level 10.8 Short Blades
 + Level 10.8 Long Blades
 + Level 11.6 Axes
 + Level 10.8 Maces & Flails
 + Level 10.8 Polearms
 + Level 10.8 Staves
 + Level 10.8 Slings
 + Level 10.8 Bows
 + Level 10.8 Crossbows
 + Level 10.8 Throwing
 + Level 11.6 Armour
 + Level 11.1 Dodging
 + Level 10.8 Stealth
 + Level 10.8 Shields
 + Level 10.8 Unarmed Combat
 + Level 10.8 Spellcasting
 + Level 9.2 Conjurations
 + Level 9.2 Hexes
 + Level 9.2 Summonings
 + Level 9.2 Necromancy
 + Level 9.2 Translocations
 + Level 9.2 Transmutations
 + Level 9.2 Fire Magic
 + Level 9.2 Ice Magic
 + Level 9.2 Air Magic
 + Level 9.2 Earth Magic
 + Level 9.2 Poison Magic
 + Level 12.4 Invocations
 + Level 10.8 Evocations


You had 36 spell levels left.
You didn't know any spells.
Your spell library contained the following spells:

 Spells                   Type           Power      Damage    Failure   Level
 Apportation              Tloc           80%        N/A       1%          1
 Foxfire                  Conj/Fire      100%       2x1d9     1%          1
 Poisonous Vapours        Pois/Air       80%        N/A       1%          2
 Call Canine Familiar     Summ           40%        N/A       1%          3
 Conjure Flame            Conj/Fire      40%        6-21      1%          3
 Dazzling Flash           Conj/Hex       80%        N/A       1%          3
 Frozen Ramparts          Ice            80%        1d10      1%          3
 Gell's Gravitas          Tloc           20%        N/A       1%          3
 Inner Flame              Hex/Fire       40%        N/A       1%          3
 Lesser Beckoning         Tloc           20%        N/A       1%          3
 Mephitic Cloud           Conj/Pois/Air  40%        N/A       1%          3
 Ozocubu's Armour         Ice            40%        N/A       1%          3
 Portal Projectile        Hex/Tloc       80%        N/A       1%          3
 Stone Arrow              Conj/Erth      80%        3d12      1%          3
 Teleport Other           Tloc           40%        N/A       1%          3
 Airstrike                Air            20%        N/A       2%          4
 Animate Armour           Summ/Erth      80%        N/A       2%          4
 Ice Form                 Ice/Tmut       40%        N/A       2%          4
 Iskenderun's Mystic Bla  Conj/Tloc      40%        2d9       2%          4
 Leda's Liquefaction      Hex/Erth       20%        N/A       2%          4
 Summon Ice Beast         Ice/Summ       40%        N/A       2%          4
 Summon Lightning Spire   Summ/Air       40%        N/A       2%          4
 Agony                    Necr           40%        N/A       8%          5
 Alistair's Intoxication  Tmut/Pois      26%        N/A       8%          5
 Blade Hands              Tmut           20%        N/A       8%          5
 Freezing Cloud           Conj/Ice/Air   20%        6-21      8%          5
 Irradiate                Conj/Tmut      20%        3d20      8%          5
 Lightning Bolt           Conj/Air       20%        1d35      8%          5
 Metabolic Englaciation   Hex/Ice        20%        N/A       8%          5
 Silence                  Hex/Air        20%        N/A       8%          5
 Invisibility             Hex            20%        N/A       41%         6
 Simulacrum               Ice/Necr       20%        N/A       41%         6
 Starburst                Conj/Fire      20%        8x6d7     41%         6
 Dragon Form              Tmut           20%        N/A       94%         7
 Malign Gateway           Summ/Tloc      20%        N/A       94%         7
 Lehudib's Crystal Spear  Conj/Erth      20%        10d6      100%        8
 Summon Horrible Things   Summ           20%        N/A       100%        8


Dungeon Overview and Level Annotations

Branches:
Dungeon (15/15)            Temple (0/1) D:7            Lair (6/6) D:9
  Swamp (0/4) Lair:4        Snake (0/4) Lair:3        Slime (0/5) Lair:6
    Orc (2/2) D:11         Vaults (0/5) D:14         Depths (0/5) D:15
Ossuary (visited)
    Elf: Orc:2

Altars:
Ashenzari
Gozag
Ru
Vehumet
Yredelemnul
Zin

Shops:
D:3 (   D:8 :   D:10 *   Orc:1 =   Orc:2 :


Innate Abilities, Weirdness & Mutations

You have very sharp teeth.
Your uncanny sense of smell can sniff out nearby items.
Your experience applies equally to all skills.
You have large cloven feet.
You are agile. (Dex +2)
You are robust. (+10% HP)


Message History

The orc sorcerer gestures at you while chanting.
The bolt of negative energy hits you!!!
You feel drained.
The sun demon hits you but does no damage.
The warg bites you but does no damage.
The orc warrior hits you but does no damage.
The warg bites you but does no damage.
The orc warrior hits you with a +0 hand axe.
The sun demon hits you but does no damage.
The red devil hits you from afar with a +0 trident!
The orc sorcerer gestures wildly while chanting.
The warg barely misses you. The warg bites you but does no damage.
The orc warrior hits you but does no damage.
The sun demon hits you but does no damage.
The warg bites you but does no damage.
The orc warrior hits you with a +0 hand axe.
The red devil barely misses you.
The orc sorcerer hits you but does no damage.
The warg bites you but does no damage.
The red devil hops backward while attacking.
The red devil barely misses you.
The orc warrior hits you but does no damage.
The sun demon hits you.
You are engulfed in flames!!
* * * LOW HITPOINT WARNING * * *
The warg bites you but does no damage. x2
The orc warrior hits you but does no damage.
The red devil hits you but does no damage.
The orc sorcerer hits you but does no damage.
The warg bites you but does no damage. The sun demon hits you.
* * * LOW HITPOINT WARNING * * *
You are engulfed in flames!
* * * LOW HITPOINT WARNING * * *
The orc warrior hits you but does no damage.
The red devil hits you from afar with a +0 trident!
* * * LOW HITPOINT WARNING * * *
The warg bites you but does no damage.
The orc warrior hits you with a +0 hand axe.
* * * LOW HITPOINT WARNING * * *
The red devil hits you from afar with a +0 trident!
You die...

.......#..##
...........####.....P...
...##..#...##...........
.....###.........P.PP...
<[....##................
....................∩...
...........#....4..8....
........<......ooo......
.............#.h@h....P.
................3).P....
....[.[.....$.....4.....
.....[[............#....
....[..####.#.....#.....
..[[...# ##...#####....
.......# ##.## ....
......## ### .. ......#


You could see a sun demon (summoned), 2 wargs, an orc sorcerer, 2 red devils and
2 orc warriors.

Vanquished Creatures
  Frances (D:13)
  An orc warlord (Orc:1)
  Nessos (D:13)
  Azrael (D:12)
  Snorg (D:13)
  Josephine (Orc:1)
  Erolcha (D:10)
  9 hydras
  5 boulder beetles
  4 centaur warriors
  A merfolk avatar (Lair:6)
  4 two-headed ogres
  2 death yaks (Lair:4)
  2 catoblepae
  Sonja (D:12)
  A sea snake (Lair:6)
  A wizard (D:15)
  A swamp dragon (Lair:6)
  A deep elf archer (D:9)
  A deep elf pyromancer (D:15)
  2 necromancers
  An oklob plant (Lair:2)
  An orc knight (Orc:2)
  A wolf spider zombie (D:15)
  2 orc sorcerers (Orc:2)
  A wolf spider (D:13)
  6 manticores
  10 ugly things
  5 cyclopes
  7 black mambas
  3 naga magi (D:15)
  3 gargoyles
  13 elephants
  A torpor snail (Lair:3)
  5 rime drakes
  15 cane toads
  An unseen horror (shapeshifter) (D:14)
  2 kobold demonologists (D:13)
  A yaktaur (D:15)
  A freezing wraith (D:15)
  19 komodo dragons
  A tengu conjurer (D:10)
  9 meliai
  9 trolls
  A jumping spider (D:13)
  3 polar bears
  3 hornets
  3 wind drakes (Lair:6)
  Prince Ribbit (D:4)
  8 slime creatures
  2 tyrant leeches (Lair:4)
  5 dream sheep (Lair:6)
  33 blink frogs
  A centaur simulacrum (D:15)
  3 shadows
  Sigmund (D:2)
  A vampire (D:14)
  5 wraiths
  A tarantella (D:13)
  A redback (D:13)
  Eustachio (D:5)
  54 yaks
  7 wyverns
  4 fire elementals (D:12)
  7 basilisks
  2 steam dragons
  10 vampire mosquitoes
  A chaos spawn (Abyss:1)
  Menkaure (D:4)
  A swamp worm (Lair:4)
  A warg (Orc:1)
  An acid dragon (D:11)
  A hell hound (D:12)
  29 water moccasins
  Duvessa (D:5)
  26 orc warriors
  A swamp drake (shapeshifter) (D:15)
  2 ice beasts
  4 ogres
  14 centaurs
  3 phantoms
  4 kobold brigands
  15 bullfrogs
  A scorpion (D:6)
  2 wyvern zombies
  A small abomination (Abyss:1)
  A hornet simulacrum (D:14)
  Dowan (D:5)
  12 killer bees
  9 wights (D:7)
  7 electric eels
  4 howler monkeys
  6 crimson imps (D:11)
  9 centaur zombies
  A hound (D:7)
  12 orc priests
  2 bullfrog skeletons
  A human zombie (Ossuary)
  Crazy Yiuf (D:2)
  15 jellies
  5 centaur skeletons
  13 orc wizards
  Ijyb (D:5)
  Terence (D:2)
  2 iguanas (D:5)
  7 hell rats (Lair:2)
  2 killer bee zombies (D:9)
  6 ogre zombies (D:11)
  4 mummies (Ossuary)
  5 howler monkey zombies
  3 howler monkey skeletons
  3 adders
  A shadow imp (D:11)
  4 white imps
  2 ufetubi
  2 adder zombies (Ossuary)
  2 adder skeletons
  A worm (D:3)
  4 dart slugs
  54 orcs
  2 bats (D:1)
  9 endoplasms
  A giant cockroach (D:4)
  3 goblins
  3 hobgoblins
  3 jackals (D:3)
  16 kobolds
  3 quokkas
  7 ball pythons
  2 frilled lizards (D:1)
  3 gnoll zombies (Ossuary)
  2 goblin skeletons (D:11)
  6 goblin zombies
  A hobgoblin skeleton (D:11)
  2 hobgoblin zombies (D:11)
  2 jackal zombies (Ossuary)
  A kobold zombie (Ossuary)
  An orc skeleton (D:11)
  9 orc zombies
  3 rats
  A rat zombie (Ossuary)
708 creatures vanquished.

Vanquished Creatures (others)
  A vampire mosquito (D:13)
  A bush (Lair:3)
  52 fungi
  135 plants
189 creatures vanquished.

Grand Total: 897 creatures vanquished

Notes
Turn   | Place    | Note
-------+----------+-------------------------------------------
     0 | Abyss:1  | Gargoyl the Gnoll Abyssal Knight began the quest for the
                  | Orb.
     0 | Abyss:1  | Reached XP level 1. HP: 23/23 MP: 3/3
    46 | Abyss:1  | Identified a scroll of acquirement
    46 | Abyss:1  | Acquired the ring "Wyarph" {rPois AC+4 Dex+4 Slay+3 SInv}
    46 | Abyss:1  | Noticed a reaper
    48 | D:1      | Escaped the Abyss
   233 | D:1      | Reached XP level 2. HP: 29/29 MP: 5/5
   614 | D:1      | Reached * piety under Lugonu
   873 | D:2      | Noticed Terence
   884 | D:2      | Killed Terence
   885 | D:2      | Reached XP level 3. HP: 29/35 MP: 6/6
  1051 | D:2      | Noticed Sigmund
  1099 | D:2      | Killed Sigmund
  1100 | D:2      | Reached skill level 1 in Short Blades
  1100 | D:2      | Reached skill level 1 in Long Blades
  1100 | D:2      | Reached skill level 1 in Maces & Flails
  1100 | D:2      | Reached skill level 1 in Polearms
  1100 | D:2      | Reached skill level 1 in Staves
  1100 | D:2      | Reached skill level 1 in Slings
  1100 | D:2      | Reached skill level 1 in Bows
  1100 | D:2      | Reached skill level 1 in Crossbows
  1100 | D:2      | Reached skill level 1 in Throwing
  1100 | D:2      | Reached skill level 1 in Stealth
  1100 | D:2      | Reached skill level 1 in Shields
  1100 | D:2      | Reached skill level 1 in Unarmed Combat
  1100 | D:2      | Reached skill level 1 in Spellcasting
  1100 | D:2      | Reached skill level 1 in Conjurations
  1100 | D:2      | Reached skill level 1 in Hexes
  1100 | D:2      | Reached skill level 1 in Summonings
  1100 | D:2      | Reached skill level 1 in Necromancy
  1100 | D:2      | Reached skill level 1 in Translocations
  1100 | D:2      | Reached skill level 1 in Transmutations
  1100 | D:2      | Reached skill level 1 in Fire Magic
  1100 | D:2      | Reached skill level 1 in Ice Magic
  1100 | D:2      | Reached skill level 1 in Air Magic
  1100 | D:2      | Reached skill level 1 in Earth Magic
  1100 | D:2      | Reached skill level 1 in Poison Magic
  1100 | D:2      | Reached skill level 1 in Evocations
  1100 | D:2      | Reached XP level 4. HP: 39/41 MP: 7/7
  1100 | D:2      | Reached XP level 5. HP: 45/47 MP: 8/8
  1197 | D:2      | Found a faded altar of an unknown god.
  1381 | D:2      | Found a runed translucent door.
  1382 | D:2      | Noticed Crazy Yiuf
  1835 | D:2      | Killed Crazy Yiuf
  1836 | D:2      | Reached skill level 5 in Invocations
  1836 | D:2      | Reached XP level 6. HP: 37/53 MP: 9/9
  2108 | D:3      | Found Nuill's Antique Weapon Boutique.
  2574 | D:3      | Bought an ichor-stained scimitar for 171 gold pieces
  2574 | D:3      | Identified the +8 scimitar of Quick Death {freeze, Int+4}
                  | (You bought it in a shop on level 3 of the Dungeon)
  3205 | D:4      | Reached skill level 5 in Axes
  3205 | D:4      | Reached skill level 5 in Armour
  3408 | D:4      | Found a glowing silver altar of Zin.
  3926 | D:4      | Noticed Menkaure
  3932 | D:4      | Killed Menkaure
  3932 | D:4      | Reached ** piety under Lugonu
  3933 | D:4      | Reached XP level 7. HP: 32/59 MP: 10/10
  4128 | D:5      | Entered Level 5 of the Dungeon
  4141 | D:5      | Noticed Prince Ribbit
  4355 | D:4      | Killed Prince Ribbit
  4392 | D:5      | Noticed Eustachio
  4399 | D:5      | Killed Eustachio
  4400 | D:5      | Reached XP level 8. HP: 65/67 MP: 12/12
  4474 | D:5      | Found a sand-covered staircase.
  4479 | Ossuary  | Entered an ossuary
  4682 | D:5      | Acquired 441 gold pieces
  4799 | D:5      | Noticed Dowan
  4813 | D:5      | Killed Dowan
  4819 | D:5      | Noticed Duvessa
  4823 | D:5      | Killed Duvessa
  5219 | D:5      | Noticed Ijyb
  5227 | D:5      | Killed Ijyb
  5635 | D:5      | Gained mutation: You evolve. [potion of mutation]
  5635 | D:5      | Gained mutation: Your system is resistant to poisons.
                  | (rPois) [potion of mutation]
  5635 | D:5      | Gained mutation: You occasionally shout uncontrollably at
                  | your foes. [potion of mutation]
  5635 | D:5      | Gained mutation: You are agile. (Dex +2) [potion of
                  | mutation]
  6095 | D:6      | Reached XP level 9. HP: 72/72 MP: 14/14
  6270 | D:6      | Reached *** piety under Lugonu
  6614 | D:6      | Reached skill level 5 in Dodging
  6767 | D:6      | Gained mutation: You expend magic power (3 MP) to
                  | strengthen your wands. [evolution]
  6767 | D:6      | Lost mutation: You evolve. [end of evolution]
  6886 | D:7      | Found an opulent altar of Gozag.
  7204 | D:7      | Found a staircase to the Ecumenical Temple.
  7366 | D:7      | Reached XP level 10. HP: 80/80 MP: 17/17
  7675 | D:8      | Reached skill level 5 in Short Blades
  7675 | D:8      | Reached skill level 5 in Long Blades
  7675 | D:8      | Reached skill level 5 in Maces & Flails
  7675 | D:8      | Reached skill level 5 in Polearms
  7675 | D:8      | Reached skill level 5 in Staves
  7675 | D:8      | Reached skill level 5 in Slings
  7675 | D:8      | Reached skill level 5 in Bows
  7675 | D:8      | Reached skill level 5 in Crossbows
  7675 | D:8      | Reached skill level 5 in Throwing
  7675 | D:8      | Reached skill level 5 in Stealth
  7675 | D:8      | Reached skill level 5 in Shields
  7675 | D:8      | Reached skill level 5 in Unarmed Combat
  7675 | D:8      | Reached skill level 5 in Spellcasting
  7675 | D:8      | Reached skill level 5 in Evocations
  7681 | D:8      | Reached **** piety under Lugonu
  7692 | D:8      | Found Qaceant's Book Shop.
  8370 | D:8      | Found a radiant altar of Vehumet.
  8578 | D:9      | Found a staircase to the Lair.
  8844 | D:9      | Reached XP level 11. HP: 87/87 MP: 19/19
  8960 | D:9      | Noticed a deep elf archer
  8965 | D:9      | Killed a deep elf archer
  8965 | D:9      | Reached ***** piety under Lugonu
  8969 | D:9      | Noticed a boulder beetle
  8971 | D:9      | Reached skill level 5 in Conjurations
  8971 | D:9      | Reached skill level 5 in Hexes
  8971 | D:9      | Reached skill level 5 in Summonings
  8971 | D:9      | Reached skill level 5 in Necromancy
  8971 | D:9      | Reached skill level 5 in Translocations
  8971 | D:9      | Reached skill level 5 in Transmutations
  8971 | D:9      | Reached skill level 5 in Fire Magic
  8971 | D:9      | Reached skill level 5 in Ice Magic
  8971 | D:9      | Reached skill level 5 in Air Magic
  8971 | D:9      | Reached skill level 5 in Earth Magic
  8971 | D:9      | Reached skill level 5 in Poison Magic
  8981 | D:9      | Killed a boulder beetle
  9799 | D:9      | Found a basalt altar of Yredelemnul.
  9894 | Lair:1   | Entered Level 1 of the Lair of Beasts
 10417 | Lair:1   | Noticed a seven-headed hydra
 10426 | Lair:1   | Banished a seven-headed hydra
 10659 | Lair:1   | Reached XP level 12. HP: 82/96 MP: 18/22
 10735 | Lair:1   | Lost mutation: You expend magic power (3 MP) to strengthen
                  | your wands. [potion of mutation]
 10735 | Lair:1   | Lost mutation: You occasionally shout uncontrollably at
                  | your foes. [potion of mutation]
 10735 | Lair:1   | Gained mutation: You tend to lose your temper in combat.
                  | [potion of mutation]
 10735 | Lair:1   | Gained mutation: Your flesh is heat resistant. (rF+)
                  | [potion of mutation]
 10827 | Lair:1   | Noticed a four-headed hydra
 10832 | Lair:1   | Banished a four-headed hydra
 11688 | Lair:2   | Noticed a six-headed hydra
 11696 | Lair:2   | Killed a 12-headed hydra
 12416 | Lair:2   | Reached skill level 10 in Fighting
 12820 | Lair:2   | You fall into a shaft and drop 1 floor!
 12821 | Lair:3   | Noticed a five-headed hydra
 12829 | Lair:3   | Killed a nine-headed hydra
 13067 | Lair:3   | Reached XP level 13. HP: 103/103 MP: 24/24
 13557 | Lair:3   | Reached skill level 10 in Invocations
 14337 | Lair:3   | Found a staircase to the Snake Pit.
 14764 | Lair:3   | Found a broken altar of Ashenzari.
 15636 | Lair:4   | Found a staircase to the Swamp.
 15882 | Lair:4   | Found a sacrificial altar of Ru.
 17057 | Lair:5   | Reached XP level 14. HP: 106/111 MP: 24/26
 17111 | Lair:4   | Reached skill level 10 in Axes
 17111 | Lair:4   | Reached skill level 10 in Armour
 17785 | Lair:6   | Entered Level 6 of the Lair of Beasts
 18536 | Lair:6   | Found a staircase to the Slime Pits.
 19781 | Lair:6   | Reached skill level 10 in Dodging
 20044 | Lair:6   | Identified the ring of Cuarragh {+Blink Fly rPois rF- rN+}
 20057 | Lair:6   | Reached XP level 15. HP: 71/119 MP: 16/28
 20059 | Lair:6   | Identified the +0 scale mail of Pubbyt {Str+7 Int-4 Dex+2}
 20596 | D:10     | Entered Level 10 of the Dungeon
 20758 | D:10     | Noticed Erolcha
 20767 | D:10     | Killed Erolcha
 20839 | D:10     | Found Oxzaeqan's Changing Room.
 20850 | D:10     | Bought a potion of mutation for 128 gold pieces
 20850 | D:10     | Lost mutation: You tend to lose your temper in combat.
                  | [potion of mutation]
 20850 | D:10     | Lost mutation: Your flesh is heat resistant. (rF+) [potion
                  | of mutation]
 20850 | D:10     | Gained mutation: You have a pair of small horns on your
                  | head. [potion of mutation]
 20850 | D:10     | Gained mutation: You are very agile. (Dex +4) [potion of
                  | mutation]
 20851 | D:10     | Bought a potion of mutation for 128 gold pieces
 20851 | D:10     | Lost mutation: You have a pair of small horns on your head.
                  | [potion of mutation]
 20851 | D:10     | Lost mutation: You are very agile. (Dex +4) [potion of
                  | mutation]
 20851 | D:10     | Lost mutation: Your system is resistant to poisons. (rPois)
                  | [potion of mutation]
 20851 | D:10     | Gained mutation: You have large cloven feet. [potion of
                  | mutation]
 20851 | D:10     | Gained mutation: You are robust. (+10% HP) [potion of
                  | mutation]
 21026 | D:10     | Found the +0 staff of Battle
 21262 | D:11     | Found a staircase to the Orcish Mines.
 21699 | D:11     | You fall into a shaft and drop 3 floors!
 21737 | D:14     | Reached skill level 10 in Short Blades
 21737 | D:14     | Reached skill level 10 in Long Blades
 21737 | D:14     | Reached skill level 10 in Maces & Flails
 21737 | D:14     | Reached skill level 10 in Polearms
 21737 | D:14     | Reached skill level 10 in Staves
 21737 | D:14     | Reached skill level 10 in Slings
 21737 | D:14     | Reached skill level 10 in Bows
 21737 | D:14     | Reached skill level 10 in Crossbows
 21737 | D:14     | Reached skill level 10 in Throwing
 21737 | D:14     | Reached skill level 10 in Stealth
 21737 | D:14     | Reached skill level 10 in Shields
 21737 | D:14     | Reached skill level 10 in Unarmed Combat
 21737 | D:14     | Reached skill level 10 in Spellcasting
 21737 | D:14     | Reached skill level 10 in Evocations
 22371 | D:12     | Noticed Azrael
 22406 | D:12     | Killed Azrael
 22406 | D:12     | Reached ****** piety under Lugonu
 22410 | D:12     | Noticed Sonja
 22415 | D:12     | Killed Sonja
 24284 | D:13     | Noticed Nessos
 24465 | D:13     | Killed Nessos
 24649 | D:13     | Noticed Snorg
 24659 | D:13     | Killed Snorg
 24768 | D:13     | Noticed Frances
 24782 | D:13     | Killed Frances
 25069 | D:13     | Found a runed translucent door.
 25100 | D:13     | Identified the +5 whip of Esselo {holy, Dex+4}
 25103 | D:13     | Identified the +0 hat of the Trombone {Int+3 Dex+7 Stlth-}
 25433 | D:13     | Identified the ring "Bydue" {rPois rN+ Will+ Slay-3 SInv}
 25943 | D:14     | Reached XP level 16. HP: 88/139 MP: 30/30
 26491 | D:14     | Found a gate to the Vaults.
 26800 | Abyss:1  | Found a corrupted altar of Lugonu.
 26804 | Abyss:1  | Noticed a bone dragon
 26808 | D:14     | Escaped the Abyss
 27391 | D:15     | Entered Level 15 of the Dungeon
 27935 | D:15     | Found a staircase to the Depths.
 28226 | Orc:1    | Entered Level 1 of the Orcish Mines
 28294 | Orc:1    | Found Wyrag's Jewellery Shoppe.
 28309 | Orc:1    | Noticed Josephine
 28328 | Orc:1    | Killed Josephine
 28459 | Orc:1    | Bought the amulet "Ciaghuxtuy" {Reflect -Tele Fly Str+4
                  | SH+5} for 544 gold pieces
 28459 | Orc:1    | Bought the ring "Motsav" {+Blink rF+++ Int+2 SInv} for 886
                  | gold pieces
 28602 | Orc:2    | Entered Level 2 of the Orcish Mines
 28665 | Orc:2    | Paralysed by an orc sorcerer for 5 turns
 29688 | Orc:2    | Found Efoinejy's Book Emporium.
 29698 | Orc:2    | Paralysed by an orc sorcerer for 6 turns
 29703 | Orc:2    | HP: 3/127 [red devil[an orc sorcerer] (7)]
 29703 | Orc:2    | Mangled by a red devil

Illustrated notes

Levels and vault maps discovered:
D:1:      minmay_arrival_plants_in_alcoves, layout_loops_cross,
          hangedman_feature_mirror
D:2:      layout_basic, ebering_ecumenical_altar_abandoned, uniq_sigmund,
          uniq_terence, uniq_crazy_yiuf_cottage
D:3:      layout_loops_corners, serial_shops, nicolae_shop_stone
D:4:      layout_basic, kennysheep_little_box, uniq_menkaure
D:5:      cheibrodos_two_vegetables, layout_basic, enter_ossuary_5,
          nicolae_underground_beach, uniq_duvessa, uniq_prince_ribbit1,
          uniq_eustachio, uniq_ijyb
D:6:      layout_basic, serial_bayou_pond_a
D:7:      lemuel_ice_spiral_2, layout_rooms, overflow_temple_1_default,
          temple_pool_b
D:8:      layout_basic, kennysheep_mini_moat, serial_shops, shop
D:9:      nzn_winding_woodlands_cross [nzn_winding_woodlands_5x15_eye,
          nzn_winding_woodlands_5x15_crooked,
          nzn_winding_woodlands_5x15_longhouse,
          nzn_winding_woodlands_5x15_sawtooth,
          nzn_winding_woodlands_15x15_boxy_spiral], layout_loops_ring,
          nicolae_yredelemnul_corpse_copse, lair_entry_dummy
D:10:     layout_cave_pools, nicolae_transmutations_shop,
          hellmonk_guarded_unrand_staff_of_battle, uniq_erolcha
D:11:     layout_loops_ring, zombieorc1_lemuel, corexii_hall_statues_t,
          minmay_nine_imps
D:12:     layout_stronghold, grunt_ministairs_9, uniq_sonja, uniq_azrael
D:13:     gammafunk_indiana_jones, layout_loops_ring, uniq_snorg, uniq_frances,
          uniq_nessos
D:14:     layout_loops_ring, david_vaults_1, serial_glass, glass_columns_b,
          glass_columns_a, glass_columns_b, glass_columns_c, glass_columns_a,
          glass_columns_a, glass_columns_b, glass_columns_c
D:15:     grunt_enter_depths_magical_seal, layout_rooms
Lair:1:   layout_cave_pods, grunt_megastairs_1
Lair:2:   layout_long_grid, serial_bayou_lagoon_a, patterned_corridor,
          minmay_lair_oklob_chamber, infiniplex_staircase_pool,
          grunt_megastairs_5
Lair:3:   dpeg_oklob_gauntlet, layout_regular_city,
          minmay_snake_entry_six_corridors, basic_altar
Lair:4:   layout_cave_shapes, minmay_swamp_entry_worms, basic_altar,
          enter_volcano_2, hibernation_bobbens, lemuel_fruit_tree,
          infiniplex_staircase_pool_2, grunt_megastairs_3
Lair:5:   layout_gridlike, lemuel_fruit_fields
Lair:6:   gammafunk_lair_ancient_temple, layout_regular_city,
          minmay_slime_entry_jelly_boxes, pond
Orc:1:    layout_diamond_mine, serial_shops, shop_statue, uniq_josephine
Orc:2:    grunt_orc_gardens, layout_caves, grunt_orc_garden, grunt_orc_garden,
          grunt_orc_garden, grunt_orc_garden

Skill      XL: |  1  2  3  4  5  6  7  8  9 10 11 12 13 14 15 16 |
---------------+-------------------------------------------------+-----
Short Blades   | 1 2 3 4 5 6 7 8 9 10 | 10.8
Long Blades    | 1 2 3 4 5 6 7 8 9 10 | 10.8
Maces & Flails | 1 2 3 4 5 6 7 8 9 10 | 10.8
Polearms       | 1 2 3 4 5 6 7 8 9 10 | 10.8
Staves         | 1 2 3 4 5 6 7 8 9 10 | 10.8
Slings         | 1 2 3 4 5 6 7 8 9 10 | 10.8
Bows           | 1 2 3 4 5 6 7 8 9 10 | 10.8
Crossbows      | 1 2 3 4 5 6 7 8 9 10 | 10.8
Throwing       | 1 2 3 4 5 6 7 8 9 10 | 10.8
Dodging        | 3 4 5 6 7 8 9 10 11 | 11.1
Stealth        | 1 2 3 4 5 6 7 8 9 10 | 10.8
Shields        | 1 2 3 4 5 6 7 8 9 10 | 10.8
Unarmed Combat | 1 2 3 4 5 6 7 8 9 10 | 10.8
Spellcasting   | 1 2 3 4 5 6 7 8 9 10 | 10.8
Conjurations   | 1 2 3 4 5 6 7 8 9 |  9.2
Hexes          | 1 2 3 4 5 6 7 8 9 |  9.2
Summonings     | 1 2 3 4 5 6 7 8 9 |  9.2
Necromancy     | 1 2 3 4 5 6 7 8 9 |  9.2
Translocations | 1 2 3 4 5 6 7 8 9 |  9.2
Transmutations | 1 2 3 4 5 6 7 8 9 |  9.2
Fire Magic     | 1 2 3 4 5 6 7 8 9 |  9.2
Ice Magic      | 1 2 3 4 5 6 7 8 9 |  9.2
Air Magic      | 1 2 3 4 5 6 7 8 9 |  9.2
Earth Magic    | 1 2 3 4 5 6 7 8 9 |  9.2
Poison Magic   | 1 2 3 4 5 6 7 8 9 |  9.2
Evocations     | 1 2 3 4 5 6 7 8 9 10 | 10.8
Invocations    | 5 6 7 8 9 10 11 12 | 12.4
Axes           | 5 6 7 8 9 10 11 | 11.6
Armour         | 5 6 7 8 9 10 11 | 11.6
Fighting       | 7 8 9 10 11 12 | 12.4

Action                   |  1- 3 |  4- 6 |  7- 9 | 10-12 | 13-15 | 16-18 || total
-------------------------+-------+-------+-------+-------+-------+-------++-------
Melee: Hand axe          |    41 |    11 |       |       |       |       ||    52
       Bite              |     4 |     5 |    11 |    54 |   162 |    42 ||   278
       Scimitar          |       |    37 |   148 |   379 |   923 |   267 ||  1754
       Quarterstaff      |       |    15 |       |       |       |       ||    15
Throw: Throwing net      |       |     1 |       |       |       |       ||     1
       Dart              |       |       |    15 |     3 |    73 |     8 ||    99
Invok: Depart the Abyss  |     1 |       |       |       |       |     1 ||     2
       Banish            |       |       |       |     4 |    12 |       ||    16
       Bend Space        |       |       |       |       |     3 |     1 ||     4
       Enter the Abyss   |       |       |       |       |       |     1 ||     1
Evoke: Wand              |       |     4 |     1 |       |       |       ||     5
  Use: Scroll            |     1 |       |    17 |    10 |     9 |     1 ||    38
       Potion            |       |       |     7 |     1 |     6 |       ||    14
 Stab: Sleeping          |     1 |     1 |     3 |     6 |    26 |     4 ||    41
       Distracted        |       |       |       |     1 |     2 |       ||     3
       Petrified         |       |       |       |       |     2 |       ||     2
Armor: Leather armour    |     5 |       |       |       |       |       ||     5
       Ring mail         |     4 |    33 |    81 |    59 |       |       ||   177
       Swamp dragon scal |       |       |       |   122 |   480 |   151 ||   753
Dodge: Dodged            |    28 |    31 |   108 |   231 |   727 |   224 ||  1349
Block: Buckler           |       |       |    18 |   116 |   316 |   236 ||   686
       Reflection        |       |       |       |       |       |    11 ||    11
       Rpst.: Scimitar   |       |     6 |    29 |    53 |   164 |    57 ||   309

Table legend: (Time is in decaauts)
 A = Elapsed time spent in this place.
 B = Non-inter-level travel time spent in this place.
 C = Inter-level travel time spent in this place.
 D = Time resting spent in this place.
 E = Time spent auto-exploring this place.
 F = Levels seen in this place.
 G = Mean time per level.
                   A        B        C        D        E       F      G
               +--------+--------+--------+--------+--------+-----+--------+
         Total |  29899 |  28743 |   1156 |   5514 |  17743 |  26 | 1150.0 |
       Dungeon |  17598 |  16727 |    871 |   1904 |  11911 |  15 | 1173.2 |
          Lair |  10281 |  10005 |    276 |   2595 |   5268 |   6 | 1713.5 |
  Orcish Mines |   1461 |   1453 |      8 |    727 |    408 |   2 |  730.5 |
         Abyss |    356 |    356 |      0 |    287 |     45 |   2 |  178.0 |
       Ossuary |    201 |    201 |      0 |      0 |    111 |   1 |  201.0 |
               +--------+--------+--------+--------+--------+-----+--------+

Top non-repeatable levels by time:
  Lair:6: 2409 daAuts
  Lair:2: 2117 daAuts
     D:9: 2058 daAuts
    D:14: 1942 daAuts
  Lair:4: 1647 daAuts
     D:5: 1598 daAuts
  Lair:1: 1572 daAuts
    D:13: 1480 daAuts
    D:12: 1439 daAuts
  Lair:3: 1298 daAuts
  Lair:5: 1235 daAuts
     D:2: 1196 daAuts
     D:4: 1159 daAuts
     D:3: 1117 daAuts
   Orc:1: 1098 daAuts
